 Dungeon Crawl Stone Soup version 0.23-a0-629-gae4348f (webtiles) character file.

326 Leeroy the Carver (level 6, -2/46 HPs)
             Began as a Barachi Skald on Dec 25, 2018.
             Was a Follower of Nemelex Xobeh.
             Slain by a gnoll
             ... wielding a +0 spear
              (6 damage)
             ... on level 3 of the Dungeon.
             The game lasted 00:09:46 (3459 turns).

Leeroy the Carver (Barachi Skald)                   Turns: 3459, Time: 00:09:48

Health: -2/46      AC:  4    Str: 12    XL:     6   Next: 49%
Magic:  9/9        EV: 12    Int: 15    God:    Nemelex Xobeh [*.....]
Gold:   172        SH:  0    Dex: 12    Spells: 2/9 levels left

rFire    . . .     SeeInvis .   n - +0 dagger (elec)
rCold    . . .     Gourm    .   (no shield)
rNeg     . . .     Faith    .   b - +0 leather armour
rPois    .         Spirit   .   (no helmet)
rElec    .         Reflect  .   g - +0 cloak
rCorr    .         Harm     .   (no gloves)
MR       .....                  (no boots)
Stlth    +.........             (no amulet)
HPRegen  0.15/turn              (no ring)
MPRegen  0.11/turn              (no ring)

@: slow
A: +LOS, swims, slowness 1, strong legs 1
a: Hop, Draw Escape, Draw Destruction, Draw Summoning, Renounce Religion


You were on level 3 of the Dungeon.
You worshipped Nemelex Xobeh.
Nemelex Xobeh was aware of your devotion.
You were very hungry.

You visited 1 branch of the dungeon, and saw 3 of its levels.

You collected 172 gold pieces.

Inventory:

Hand Weapons
 a - a +0 falchion
 m - a +0 short sword
 n - a +0 dagger of electrocution (weapon)
 q - a +0 trident
 s - a +0 dagger
 u - a +0 hunting sling
 v - a +0 flail
 w - a +0 hand axe
 B - a +1 whip of freezing
 E - a +0 hunting sling
 I - a +0 mace of crushing
Missiles
 e - 72 bolts
 f - 181 stones (quivered)
 o - 78 arrows
 D - 10 sling bullets
Armour
 b - a +0 leather armour (worn)
 g - a +0 cloak (worn)
 i - a cursed +0 ring mail
 x - a +0 robe
 J - a +0 chain mail
Jewellery
 h - a cursed -3 ring of strength {unknown}
 y - an uncursed ring of see invisible {unknown}
Wands
 H - a wand of flame (7)
Scrolls
 k - 2 scrolls of amnesia {unknown}
 p - 2 scrolls of identify {unknown}
 r - a scroll of blinking {unknown}
 A - a scroll of enchant armour {unknown}
 C - a scroll of immolation {unknown}
Potions
 c - a potion of degeneration {unknown}
 l - 3 potions of curing
 t - a potion of haste {unknown}
 z - a potion of flight {unknown}
 F - a potion of lignification {unknown}
 G - 2 potions of brilliance {unknown}
Comestibles
 d - 4 rations
 j - 6 chunks of flesh


   Skills:
 - Level 2.4 Fighting
 - Level 0.1(4.4) Short Blades
 + Level 8.0 Long Blades
 - Level 1.2 Armour
 - Level 2.1 Dodging
 - Level 2.1 Spellcasting
 - Level 3.2 Charms


You had 2 spell levels left.
You knew the following spells:

 Your Spells              Type           Power        Failure   Level  Hunger
a - Infusion              Chrm           ##..         7%          1    #......
b - Regeneration          Chrm/Necr      #.........   38%         3    ###....
c - Spectral Weapon       Hex/Chrm       #.......     38%         3    ###....

Your spell library contained the following spells:

 Spells                   Type           Power        Failure   Level  Hunger
 Song of Slaying          Chrm           ##......     11%         2    ###....
 Shroud of Golubria       Chrm/Tloc      #.........   22%         2    ###....


Dungeon Overview and Level Annotations

Branches:
Dungeon (3/15)

Altars:
Cheibriados
Makhleb
Nemelex Xobeh
Qazlal
Vehumet
The Shining One


Innate Abilities, Weirdness & Mutations

Shadows flee at your approach. (+LOS)
You can swim through water.
You cover ground slowly.
You can hop short distances.


Message History

* * * LOW HITPOINT WARNING * * *
A goblin comes into view. It is wielding a +0 club.
You close the door.
A gnoll opens the door.
The gnoll closely misses you. x2
The goblin shouts!
It was a potion of curing.
You feel better. The hobgoblin closely misses you.
The gnoll hits you from afar with a +0 spear.
The hobgoblin closely misses you.
You hit the hobgoblin.
The hobgoblin is heavily wounded.
The gnoll hits you from afar with a +0 spear!
* * * LOW HITPOINT WARNING * * *
Unknown command.
You draw a card...
You have drawn the Elixir.
You begin rapidly regenerating magic.
The deck of cards glows with a rainbow of weird colours and disappears.
The hobgoblin hits you with a +0 club.
* * * LOW HITPOINT WARNING * * *
The gnoll hits you from afar with a +0 spear.
You die...
Your body disappears without a glow.

≈≈≈≈≈≈≈≈≈≈≈≈≈≈≈≈≈≈≈≈≈≈≈≈≈≈≈≈≈≈≈≈≈
≈≈≈≈≈≈≈≈≈≈≈≈≈≈≈≈≈≈≈≈≈≈≈≈≈≈≈≈≈####
##############################
....# #.....## ##......# ....#
+......###.......#
....#########.......#........##'#
.....#.......)....))#......(....#
.....'.......)...g.)g(.)........#
.....#..........@gg)#(.))[.....(#
..))#########.......#..(.....##'#
....# +......###((((...# .).)#
#.....## ##......#
#)'###########################
.....≈≈≈≈≈≈≈≈≈≈≈≈≈≈≈≈≈≈≈≈ ####
.....≈≈≈≈≈≈≈≈≈≈≈≈≈≈≈≈≈≈≈≈ ≈≈≈≈
...)≈)≈≈≈≈≈≈≈≈≈≈≈≈≈≈≈≈≈≈≈ ≈≈≈≈
....≈.≈≈≈≈≈.≈.≈≈≈.≈≈.≈.≈≈ .≈.≈


You could see 2 gnolls, a hobgoblin and a goblin.

Vanquished Creatures
  3 orc wizards (D:2)
  2 orc priests
  Terence (D:3)
  Natasha (D:3)
  A gnoll (D:3)
  2 adders
  3 oozes
  A worm (D:2)
  A dart slug (D:1)
  6 orcs
  5 giant cockroaches
  12 hobgoblins
  9 jackals
  6 kobolds
  2 quokkas
  A ball python (D:2)
  4 bats
  3 frilled lizards
  16 goblins
  7 rats
86 creatures vanquished.

Notes
Turn   | Place    | Note
-------+----------+-------------------------------------------
     0 | D:1      | Leeroy the Barachi Skald began the quest for the Orb.
     0 | D:1      | Reached XP level 1. HP: 17/17 MP: 3/3
    81 | D:1      | Reached skill level 3 in Long Blades
   118 | D:1      | Reached XP level 2. HP: 23/23 MP: 5/5
   226 | D:1      | Found a sparkling altar of Nemelex Xobeh.
   239 | D:1      | Became a worshipper of Nemelex Xobeh the Trickster
   347 | D:1      | Received a gift from Nemelex Xobeh
   369 | D:1      | Reached skill level 4 in Long Blades
   375 | D:1      | Reached XP level 3. HP: 26/28 MP: 0/6
   396 | D:1      | Learned a level 3 spell: Regeneration
  1072 | D:2      | Found a stormy altar of Qazlal.
  1113 | D:2      | Found a glowing golden altar of the Shining One.
  1115 | D:2      | Found a burning altar of Makhleb.
  1275 | D:2      | Reached skill level 5 in Long Blades
  1320 | D:2      | Reached XP level 4. HP: 22/34 MP: 7/7
  2132 | D:2      | Reached skill level 6 in Long Blades
  2132 | D:2      | Reached XP level 5. HP: 34/39 MP: 8/8
  2281 | D:3      | Reached * piety under Nemelex Xobeh
  2480 | D:3      | Found a radiant altar of Vehumet.
  2573 | D:2      | Reached skill level 7 in Long Blades
  2873 | D:3      | Reached XP level 6. HP: 46/46 MP: 9/9
  3000 | D:3      | Received a gift from Nemelex Xobeh
  3187 | D:3      | Noticed Terence
  3195 | D:3      | Killed Terence
  3203 | D:3      | Found a snail-covered altar of Cheibriados.
  3315 | D:3      | Learned a level 3 spell: Spectral Weapon
  3339 | D:3      | Noticed Natasha
  3343 | D:3      | Killed Natasha
  3405 | D:3      | Reached skill level 8 in Long Blades
  3459 | D:3      | Slain by a gnoll

Vault maps used:
D:1:      dpeg_arrival_another_circle, nemelex_xobeh_ov_fountains_minmay
D:2:      nicolae_overflow_hidden_temple
D:3:      minmay_goblin_kobold_castle, overflow_temple_1_default,
          marbit_many_paths, minmay_joined_circles, uniq_terence, uniq_natasha

Skill      XL: |  1  2  3  4  5  6 |
---------------+-------------------+-----
Long Blades    | 3 4 5 6 7 8 |  8.0
Fighting       | |  2.4
Short Blades   | |  0.1
Armour         | |  1.2
Dodging        | |  2.1
Spellcasting   | |  2.1
Charms         | |  3.2

Action                   |  1- 3 |  4- 6 || total
-------------------------+-------+-------++-------
Melee: Falchion          |   130 |    33 ||   163
       Dagger            |       |   148 ||   148
Throw: Stone             |     5 |     2 ||     7
 Cast: Infusion          |     5 |     2 ||     7
       Regeneration      |     2 |     3 ||     5
       Spectral Weapon   |       |     1 ||     1
 Abil: Hop               |     1 |       ||     1
       Draw Escape       |       |     2 ||     2
  Use: Potion            |       |     3 ||     3
 Stab: Distracted        |       |     1 ||     1
  Eat: Chunk             |     2 |     7 ||     9
Armor: Leather armour    |    50 |    57 ||   107
Dodge: Dodged            |   110 |   132 ||   242
       Rpst.: Falchion   |    28 |     6 ||    34

Table legend:
 A = Non-vault XP
 B = Vault XP
 C = Vault XP percentage of total XP
 D = Non-vault monster count
 E = Vault monster count
 F = Vault count percentage of total count
                 A         B        C        D         E       F
            +---------+---------+-------+---------+---------+-------
      Total |     315 |     152 |  32.5 |      53 |      33 |  38.4
            +---------+---------+-------+---------+---------+-------
        D:1 |      46 |       0 |   0.0 |      22 |       0 |   0.0
        D:2 |     210 |       0 |   0.0 |      25 |       0 |   0.0
        D:3 |      59 |     152 |  72.0 |       6 |      33 |  84.6
            +---------+---------+-------+---------+---------+-------
